[Event "Late-Titled-Tuesday-Blitz-March-19-2024"]
[Site "Chess.com"]
[Date "2024.03.19"]
[Round "5"]
[White "DanielNaroditsky"]
[Black "platy3"]
[Result "1-0"]
[WhiteElo "3175"]
[BlackElo "2958"]
[TimeControl "180+1"]
[EndTime "14:54:42 PDT"]
[Termination "DanielNaroditsky won by resignation"]

1. e4 c5 2. c3 d5 3. exd5 Qxd5 4. d4 Nf6 5. Nf3 Nc6 6. dxc5 Qxd1+ 7. Kxd1 Bf5 8. Be3 O-O-O+ 9. Ke1 Nd5 10. Nbd2 e5 11.
Nb3 f6 12. Bb5 g5 13. Nfd2 Be7 14. Nc4 Be6 15. Rd1 h6 16. Nd6+ Kc7 17. Bc4 Bxd6 18.
Bxd5 Bxd5 19. Rxd5 Be7 20. Rxd8 Rxd8 21. g4 h5 22. h3 Rh8 23. Rg1 Nd8 24. Nd2 Ne6 25.
Ne4 Kc6 26. b4 hxg4 27. hxg4 Kd5 28. Nd2 a5 29. c4+ Kc6 30. b5+ Kc7 31. Ne4 Rd8 32. Rh1 Rd3 33. Rh6 Nd4 34. Rh7 Kd8 35. c6 bxc6 36.
b6 Bb4+ 37. Kf1 Kc8 38. Nxf6 Ne6 39. b7+ Kb8 40. Nd7+ 1-0

[Event "Late-Titled-Tuesday-Blitz-March-19-2024"]
[Site "Chess.com"]
[Date "2024.03.19"]
[Round "5"]
[White "finec2"]
[Black "RebelJohnny"]
[Result "0-1"]
[WhiteElo "2244"]
[BlackElo "2562"]
[TimeControl "180+1"]
[EndTime "14:54:42 PDT"]
[Termination "RebelJohnny won on time"]

1. e4 d6 2. d4 Nf6 3. Nc3 c6 4. f4 g6 5. Nf3 Bg7 6. Be2 Bg4 7.
O-O O-O 8. e5 Nd5 9. Ne4 dxe5 10. fxe5 Nd7 11. h3 Bxf3 12. Bxf3 Qb6 13. Kh1 Rad8 14.
c3 c5 15. Qb3 Qxb3 16. axb3 cxd4 17. cxd4 a6 18. Bd2 Rc8 19. Rfc1 f6 20. Nc5 Nxc5 21. Bxd5+ e6 22. Bc4 b5 23. dxc5 bxc4 24. exf6 Rxf6 25. Rxc4 Rf5 26. Rxa6 Rfxc5 27. Rxc5 Rxc5 28. Rxe6 Bxb2 29. b4 Rc2 30. Bh6 Kf7 31. Rb6 Be5 32. g4 Rh2+ 33. Kg1 Rxh3 34. Rb7+ Ke6 35. g5 Rb3 36. Rxh7 Rxb4 37.
Kg2 Kf5 38. Kf3 Rb3+ 39. Ke2 Ke4 40. Re7 Rb2+ 41. Kd1 Kd3 42. Kc1 Bd4 0-1

[Event "Late-Titled-Tuesday-Blitz-March-19-2024"]
[Site "Chess.com"]
[Date "2024.03.19"]
[Round "5"]
[White "kleinebeer98"]
[Black "only_strong_moves"]
[Result "1-0"]
[WhiteElo "2871"]
[BlackElo "2655"]
[TimeControl "180+1"]
[EndTime "14:54:43 PDT"]
[Termination "kleinebeer98 won on time"]

1. e4 e5 2. Nc3 Nf6 3. f4 d5 4.
fxe5 Nxe4 5. Nf3 Nxc3 6. bxc3 Be7 7. d4 Bf5 8. Bd3 Bxd3 9. Qxd3 Qd7 10. O-O Nc6 11. Rb1 Nd8 12. Bg5 b6 13. Bxe7 Qxe7 14. c4 dxc4 15. Qxc4 O-O 16. d5 Nb7 17. Rbd1 Rad8 18.
h4 h6 19. Kh2 Nc5 20. Qf4 a5 21. c4 f6 22. e6 c6 23. Rfe1 cxd5 24. cxd5 Qd6 25. Kg3 g5 26. Qxd6 Rxd6 27. Kg4 Rfd8 28. Kf5 Kg7 29. e7 Re8 30. h5 Kf7 31. Rd4 a4 32. a3 b5 33. Re3 Nd7 34. Re6 Nb6 35.
Rxd6 1-0

[Event "Late-Titled-Tuesday-Blitz-March-19-2024"]
[Site "Chess.com"]
[Date "2024.03.19"]
[Round "5"]
[White "yaguigor"]
[Black "Mariia89"]
[Result "1-0"]
[WhiteElo "2576"]
[BlackElo "2276"]
[TimeControl "180+1"]
[EndTime "14:54:43 PDT"]
[Termination "yaguigor won on time"]

1. d4 Nf6 2. c4 c5 3. d5 b5 4. cxb5 a6 5. bxa6 Bxa6 6. Nc3 d6 7. Nf3 g6 8. e4 Bxf1 9. Kxf1 Bg7 10. g3 O-O 11.
Kg2 Nbd7 12. Qc2 Qa5 13. Bd2 Rfb8 14. b3 Qa6 15. Rab1 Ng4 16. a4 Nge5 17. Nb5 Nxf3 18. Kxf3 Rb7 19. Bc3 Bxc3 20. Qxc3 Rab8 21. Kg2 Nb6 22. Ra1 Rc8 23. Qc2 Nd7 24. f4 Qa5 25. Rhe1 Ra8 26. Re3 Rxb5 27. e5 Rb4 28. Rae1 dxe5 29.
fxe5 e6 30. dxe6 fxe6 31. Rd1 Rd4 32. Red3 Rxd3 33. Qxd3 Nxe5 34. Qe4 Qc3 35. Qxa8+ Kg7 36. Qb7+ Nf7 37. Rf1 Qc2+ 38. Rf2 1-0

[Event "Late-Titled-Tuesday-Blitz-March-19-2024"]
[Site "Chess.com"]
[Date "2024.03.19"]
[Round "5"]
[White "CarlosjPineror"]
[Black "Schattman"]
[Result "1-0"]
[WhiteElo "2678"]
[BlackElo "2506"]
[TimeControl "180+1"]
[EndTime "14:54:46 PDT"]
[Termination "CarlosjPineror won on time"]

1. e4 c6 2. d4 d5 3. e5 Bf5 4. h4 h5 5. Ne2 e6 6. Ng3 Bg6 7. Bd3 Bxd3 8. Qxd3 Be7 9. Qf3 g6 10.
Qf4 Nh6 11. Nc3 a6 12. Bd2 c5 13. Nce2 cxd4 14. Nxd4 Nc6 15. c3 Nxd4 16. cxd4 Rc8 17. a3 Qb6 18. Bc3 Qb5 19. f3 Nf5 20. Nxf5 gxf5 21.
Kf2 Kd7 22. a4 Qb3 23. Rhc1 Rc4 24. a5 Rhc8 25. Kg1 Ra4 26. Rxa4 Qxa4 27. Qh6 Bxh4 28.
Qxh5 Be7 29. Qxf7 Rf8 30. Qg7 Rc8 31. Kf2 Qb5 32. Rh1 Qd3 33. Rh7 Qc2+ 34. Kg3 f4+ 35.
Kh2 Re8 36. Bb4 Qf2 37. Bxe7 Qg3+ 38. Qxg3 fxg3+ 39. Kxg3 Rxe7 40. Rxe7+ Kxe7 41. Kg4 Kf7 42. Kg5 Kg7 43. f4 Kf7 44. g4 Kg7 45. f5 Kf7 46.
fxe6+ Kxe6 47. Kh6 b5 48. b4 1-0

[Event "Late-Titled-Tuesday-Blitz-March-19-2024"]
[Site "Chess.com"]
[Date "2024.03.19"]
[Round "5"]
[White "Jahonas"]
[Black "Payyappat"]
[Result "1-0"]
[WhiteElo "2362"]
[BlackElo "2510"]
[TimeControl "180+1"]
[EndTime "14:54:49 PDT"]
[Termination "Jahonas won by resignation"]

1. e4 c6 2. Nf3 d5 3. Nc3 dxe4 4. Nxe4 Nf6 5. Ng3 g6 6. c3 Bg7 7. d4 O-O 8. Be2 Bg4 9. O-O Nbd7 10. h3 Bxf3 11.
Bxf3 Re8 12. Qb3 Qc7 13. Be3 e5 14. Rfd1 e4 15. Be2 Nd5 16. c4 Nxe3 17. Qxe3 f5 18.
Qb3 f4 19. Nf1 Kh8 20. Nh2 Rf8 21. Bg4 Nf6 22. d5 Nxg4 23. Nxg4 h5 24. Nh2 c5 25. d6 Qd7 26. Rd5 f3 27. Re1 Rae8 28. Qe3 b6 29. g4 hxg4 30. Nxg4 Rf5 31. Red1 Rh5 32. Rg5 Rxh3 33. Rxg6 Re6 34. Qg5 Rxg6 35. Qxg6 Rh4 36. Nf6 Rh6 37. Qxh6+ 1-0

[Event "Late-Titled-Tuesday-Blitz-March-19-2024"]
[Site "Chess.com"]
[Date "2024.03.19"]
[Round "5"]
[White "ChempionBg"]
[Black "GiorgianBarbosa"]
[Result "1-0"]
[WhiteElo "2349"]
[BlackElo "2517"]
[TimeControl "180+1"]
[EndTime "14:54:50 PDT"]
[Termination "ChempionBg won by resignation"]

1. d4 Nf6 2. c4 g6 3. g3 Bg7 4. Bg2 O-O 5. Nf3 c5 6. d5 e6 7. O-O exd5 8. cxd5 d6 9. Nc3 Re8 10. Nd2 a6 11. a4 Nbd7 12. Nc4 Ne5 13. Na3 Rb8 14.
h3 b6 15. f4 Ned7 16. e4 Qc7 17. Re1 c4 18. Qe2 b5 19. axb5 axb5 20. Be3 b4 21.
Nab5 Qd8 22. Nxd6 bxc3 23. Nxe8 Qxe8 24. bxc3 Nxe4 25. Ba7 f5 26. Bxb8 Nxb8 27. Bxe4 fxe4 28. Qxe4 Qf8 29. Ra8 Nd7 30. Qe8 Bb7 31. Qe6+ Kh8 32. Rxf8+ Nxf8 33. Qf7 Bc8 34. Re8 1-0

[Event "Late-Titled-Tuesday-Blitz-March-19-2024"]
[Site "Chess.com"]
[Date "2024.03.19"]
[Round "5"]
[White "Bastiandash"]
[Black "1g60-1"]
[Result "1-0"]
[WhiteElo "2606"]
[BlackElo "2381"]
[TimeControl "180+1"]
[EndTime "14:54:51 PDT"]
[Termination "Bastiandash won by resignation"]

1. e4 e6 2. d4 d5 3. Nc3 Bb4 4. Ne2 dxe4 5. a3 Bxc3+ 6. Nxc3 f5 7. Bc4 Nf6 8. Be3 O-O 9. f3 Nd5 10. Qd2 f4 11. Bg1 e3 12. Qe2 Nxc3 13. bxc3 Qh4+ 14. g3 fxg3 15. O-O-O Qe7 16. hxg3 Rf5 17. Bxe3 Qxa3+ 18. Kd2 Qf8 19. Bd3 Nc6 20. g4 Rf6 21. Bxh7+ Kf7 22.
Be4 Bd7 23. g5 Rf5 24. Bxf5 exf5 25. Qh2 Na5 26. g6+ Kxg6 27. Qh5+ Kf6 28. Bg5+ Ke6 29. Rhe1+ Kd6 30. Qg6+ Kd5 31. Re5+ Kc4 32. Rc5+ Qxc5 33.
dxc5 Bc6 34. Qxf5 Rd8+ 35. Kc1 Rxd1+ 36. Kxd1 1-0

[Event "Late-Titled-Tuesday-Blitz-March-19-2024"]
[Site "Chess.com"]
[Date "2024.03.19"]
[Round "5"]
[White "TanitoluwaAps116"]
[Black "Njal28"]
[Result "0-1"]
[WhiteElo "2824"]
[BlackElo "3054"]
[TimeControl "180+1"]
[EndTime "14:54:56 PDT"]
[Termination "Njal28 won by checkmate"]

1. e4 e5 2. Nf3 Nc6 3. Bc4 Bc5 4. O-O Nf6 5. d3 d6 6. c3 a6 7. a4 Ba7 8. Re1 O-O 9. Bg5 h6 10. Bh4 g5 11. Bg3 Bg4 12. Nbd2 Nh5 13. h3 Be6 14. Bh2 Qf6 15. Nf1 Nf4 16. Ne3 Qg6 17. Bxf4 gxf4 18. Nf5 Bxf5 19. Nh4 Bxf2+ 20. Kxf2 Qg3+ 21. Kg1 Qxh4 22. exf5 Kh8 23. d4 Rg8 24. Bxf7 Rg5 25. Bg6 Qxh3 26.
Qd2 Qh4 27. Rf1 Ne7 28. dxe5 dxe5 29. Qd7 Nxg6 30. fxg6 Rxg6 31. Rf3 Rag8 32. Qd2 e4 33. Rxf4 Rxg2+ 34. Kf1 Qh1# 0-1

[Event "Late-Titled-Tuesday-Blitz-March-19-2024"]
[Site "Chess.com"]
[Date "2024.03.19"]
[Round "5"]
[White "ATM622"]
[Black "AsterPhoenix"]
[Result "0-1"]
[WhiteElo "2501"]
[BlackElo "2649"]
[TimeControl "180+1"]
[EndTime "14:54:56 PDT"]
[Termination "AsterPhoenix won by resignation"]

1. d4 Nf6 2. c4 c5 3. d5 b5 4. cxb5 a6 5. e3 e6 6. Nc3 Bb7 7. dxe6 fxe6 8. Nf3 Be7 9. Be2 O-O 10. O-O d5 11. b3 axb5 12. Bxb5 Nbd7 13. Ng5 Qb6 14. Bxd7 Nxd7 15. Nf3 d4 16. exd4 Bxf3 17. gxf3 cxd4 18.
Ne4 Ne5 19. f4 Qc6 20. f3 Ng6 21. Qxd4 Rad8 22. Qc3 Qxc3 23. Nxc3 Bf6 24. Bb2 Rd2 25. Rab1 Rxb2 26. Rxb2 Bxc3 27. Rc2 Bd4+ 28. Kh1 Nxf4 29. a4 Rb8 30. Rb1 Nd5 31. a5 Bc3 32. Ra2 Ra8 33.
b4 Bxb4 34. Ra4 Bf8 35. Rb3 Ra6 36. Kg2 Kf7 37. Kf2 Kf6 38. Ke2 Rc6 39. Rb8 Nc3+ 40. Kd3 Nxa4 41. Rxf8+ Ke7 42. Ra8 Ra6 43. Kc4 Rxa8 0-1

[Event "Late-Titled-Tuesday-Blitz-March-19-2024"]
[Site "Chess.com"]
[Date "2024.03.19"]
[Round "5"]
[White "Alexei_Gubajdullin"]
[Black "MaxLeto"]
[Result "1-0"]
[WhiteElo "2655"]
[BlackElo "2504"]
[TimeControl "180+1"]
[EndTime "14:54:57 PDT"]
[Termination "Alexei_Gubajdullin won by resignation"]

1. d4 h5 2. Nf3 h4 3. h3 e6 4. Bf4 d5 5. e3 c5 6. Nbd2 Nc6 7. c3 Be7 8. Ne5 Nxe5 9. dxe5 Nh6 10. e4 Qb6 11. Qb3 Qxb3 12. axb3 Bd7 13. Be2 Bc6 14. Bf3 a6 15. exd5 exd5 16. c4 O-O-O 17. cxd5 Bxd5 18. Nc4 Bxf3 19. gxf3 Nf5 20. e6 b5 21. Ne5 Bd6 22.
Rxa6 Bxe5 23. Bxe5 Kb7 24. Ra5 Kb6 25. Ra2 Rhe8 26. O-O Rxe6 27. Bh2 Rd2 28. Rfa1 Ree2 29. Ra6+ Kb7 30. Ra7+ Kc6 31. R1a6+ Kd5 32. Rd7+ 1-0

[Event "Late-Titled-Tuesday-Blitz-March-19-2024"]
[Site "Chess.com"]
[Date "2024.03.19"]
[Round "5"]
[White "DryCounty"]
[Black "Igrok3069"]
[Result "0-1"]
[WhiteElo "2654"]
[BlackElo "2862"]
[TimeControl "180+1"]
[EndTime "14:54:59 PDT"]
[Termination "Igrok3069 won on time"]

1. e4 e5 2. Nf3 Nc6 3. Bb5 a6 4. Ba4 Nge7 5. O-O Ng6 6. Nc3 Bc5 7. d3 O-O 8. Bg5 Be7 9. Be3 d6 10. h3 b5 11. Bb3 Na5 12. d4 exd4 13. Bxd4 c5 14. Bd5 cxd4 15. Bxa8 dxc3 16. b4 Nc4 17. a4 Nf4 18. axb5 axb5 19. Bd5 Qc7 20. Re1 Bd7 21. Qd4 Bf6 22. Qa7 Qc8 23. Bxc4 bxc4 24. Re3 h6 25.
Rd1 Qc6 26. Nd4 Qa4 27. Qxa4 Bxa4 28. g3 Ne6 29. Nxe6 fxe6 30. Rxd6 Bxc2 31. e5 Be7 32. Rb6 Bd3 0-1

[Event "Late-Titled-Tuesday-Blitz-March-19-2024"]
[Site "Chess.com"]
[Date "2024.03.19"]
[Round "5"]
[White "Irishchessman16"]
[Black "Evgeny81"]
[Result "0-1"]
[WhiteElo "2528"]
[BlackElo "2779"]
[TimeControl "180+1"]
[EndTime "14:55:01 PDT"]
[Termination "Evgeny81 won on time"]

1. e4 c5 2. Nf3 Nc6 3. c3 e6 4. d4 d5 5. exd5 exd5 6. Bb5 Nf6 7. O-O Be6 8. Re1 h6 9. Ne5 Rc8 10. Ng6 fxg6 11. Rxe6+ Kf7 12. Re1 Qb6 13. Bd3 cxd4 14. Qc2 Ne7 15. Bf4 g5 16. Bg3 g6 17. Nd2 g4 18. Nb3 dxc3 19. bxc3 Bg7 20. Nd4 Rhe8 21.
Rab1 Qa5 22. Rxb7 Kg8 23. Rbxe7 Rxe7 24. Rxe7 Rxc3 25. Qb1 Qc5 26. Ne2 Rxd3 27. Rxg7+ Kxg7 28. Qxd3 Ne4 29. Be5+ Kf7 30. Bd4 Qb4 31. Qd1 g5 32.
Ng3 Nd2 33. Be3 Qb1 34. Qxb1 Nxb1 35. Bd4 a6 36. Nf5 h5 37. Ne3 Ke6 38. Nc2 Nd2 39.
Nb4 a5 40. Nd3 Kf5 0-1

[Event "Late-Titled-Tuesday-Blitz-March-19-2024"]
[Site "Chess.com"]
[Date "2024.03.19"]
[Round "5"]
[White "gympod"]
[Black "arenal72"]
[Result "0-1"]
[WhiteElo "2379"]
[BlackElo "2606"]
[TimeControl "180+1"]
[EndTime "14:55:02 PDT"]
[Termination "arenal72 won by resignation"]

1. c4 d6 2. g3 e5 3. Bg2 f5 4. Nc3 Nf6 5. d3 Be7 6. e3 O-O 7. Nge2 c6 8. O-O Be6 9. b3 Nbd7 10. Bb2 d5 11. f4 Qb6 12. Qd2 Bc5 13. d4 exd4 14.
exd4 Be7 15. Qe3 Ne4 16. c5 Qc7 17. Nc1 b6 18. cxb6 axb6 19. Nd3 Ndf6 20. Ne5 c5 21.
Ne2 c4 22. Rfc1 b5 23. a3 Qb7 24.
b4 Bf7 25. Nc3 Bh5 26. Nxe4 fxe4 27. Bc3 Ng4 28. Nxg4 Bxg4 29. h3 Be6 30. g4 h6 31.
Rf1 Qc7 32. Ra2 g5 33. f5 Bd7 34. h4 Kg7 35. Qh3 Ra6 36. Be1 Rfa8 37. hxg5 hxg5 38.
Bg3 Bd6 39. Qh5 Bxg3 40. Qg6+ Rxg6 0-1

[Event "Late-Titled-Tuesday-Blitz-March-19-2024"]
[Site "Chess.com"]
[Date "2024.03.19"]
[Round "5"]
[White "newyorkmouse"]
[Black "LiemLe"]
[Result "0-1"]
[WhiteElo "2653"]
[BlackElo "3032"]
[TimeControl "180+1"]
[EndTime "14:55:03 PDT"]
[Termination "LiemLe won by checkmate"]

1. Nf3 d5 2. b3 Bg4 3. e3 e5 4. Be2 Bd6 5. Bb2 Nd7 6. O-O Ngf6 7. d3 Qe7 8. Nbd2 e4 9. dxe4 dxe4 10. Nd4 h5 11. Nc4 O-O-O 12. Nxd6+ Qxd6 13. h3 Ne5 14. c4 a6 15. Qc2 Bxe2 16. Nxe2 Nd3 17. Rad1 Ng4 18. hxg4 hxg4 19. Rfe1 Qh2+ 20. Kf1 Rh5 21. Ng3 Rh6 22. Bxg7 Rhd6 23. Bc3 f5 24. Nxf5 Qh1+ 25.
Ke2 Qxg2 26. Nxd6+ Rxd6 27. Kd2 Nb4+ 28. Kc1 Nxc2 29.
Kxc2 Qxf2+ 30. Kb1 Rxd1+ 31. Rxd1 Qxe3 32. Kb2 g3 33. Bf6 Qf2+ 34. Ka3 Qxf6 35. c5 g2 36. c6 Qxc6 37.
b4 Qc3+ 38. Ka4 b5+ 39. Ka5 Qa3# 0-1

[Event "Late-Titled-Tuesday-Blitz-March-19-2024"]
[Site "Chess.com"]
[Date "2024.03.19"]
[Round "5"]
[White "ukchessbomber"]
[Black "Eduard_Limonov"]
[Result "1-0"]
[WhiteElo "2653"]
[BlackElo "2840"]
[TimeControl "180+1"]
[EndTime "14:55:03 PDT"]
[Termination "ukchessbomber won by resignation"]

1. b4 e5 2. Bb2 Bxb4 3. Bxe5 Nf6 4. e3 O-O 5. c3 Be7 6. Bxf6 Bxf6 7. d4 b6 8. Nf3 Bb7 9. g3 Nc6 10. Bg2 Ba6 11.
Bf1 Qc8 12. Bxa6 Qxa6 13. Qe2 Qa4 14. O-O Rfe8 15. Nbd2 d5 16. Qd3 Na5 17. h4 h6 18.
Kg2 Rad8 19. Rfb1 c5 20. Qb5 Qa3 21. Qb2 Qa4 22. Qb5 Qc2 23. Rc1 Qf5 24. dxc5 Rc8 25. cxb6 axb6 26. Qxb6 Nc4 27. Nxc4 Rxc4 28. a4 g5 29.
hxg5 hxg5 30. a5 g4 31. Nd2 Kg7 32. Qb1 Rce4 33. Rh1 Bxc3 34. Nxe4 Rxe4 35. a6 Qf3+ 36. Kg1 Rxe3 37. Qh7+ Kf8 38. Qh6+ 1-0

[Event "Late-Titled-Tuesday-Blitz-March-19-2024"]
[Site "Chess.com"]
[Date "2024.03.19"]
[Round "5"]
[White "Willhaven3"]
[Black "Meri-Arabidze"]
[Result "0-1"]
[WhiteElo "2505"]
[BlackElo "2675"]
[TimeControl "180+1"]
[EndTime "14:55:04 PDT"]
[Termination "Meri-Arabidze won by resignation"]

1. e4 c5 2. Nc3 a6 3. a4 Nc6 4. f4 e6 5. Nf3 d5 6. d3 f5 7.
Be2 Nf6 8. exf5 exf5 9. O-O d4 10. Nb1 Bd6 11. Na3 O-O 12. Nc4 Be6 13. Nce5 Qc7 14.
Nxc6 Qxc6 15. c4 dxc3 16. bxc3 Nd5 17. Ne5 Bxe5 18. fxe5 Nxc3 19. Qc2 Nxe2+ 20. Qxe2 b5 21. Bb2 c4 22. Rfc1 Rad8 23. dxc4 Bxc4 24. Qf2 f4 25.
axb5 axb5 26. Ra7 Rd7 27. e6 Qxe6 28. Re1 Qf7 29. Rxd7 Qxd7 30. Qc5 h6 31. h3 f3 32. gxf3 Qxh3 33. Qe5 Rf7 34. Qb8+ Kh7 35. Qe5 Qxf3 36. Qe4+ Qxe4 37. Rxe4 Rf1+ 38. Kg2 Bd5 39. Kxf1 Bxe4 40. Kf2 Bd5 41. Kg3 g5 42. Kf2 Kg6 43. Kg3 h5 44. Kf2 h4 45. Kg1 Kf5 46. Kh2 g4 47. Kg1 g3 48.
Bc3 Kg4 49. Be5 h3 50. Bxg3 Kxg3 51. Kf1 h2 0-1

[Event "Late-Titled-Tuesday-Blitz-March-19-2024"]
[Site "Chess.com"]
[Date "2024.03.19"]
[Round "5"]
[White "DeTimmerman"]
[Black "Kumi29"]
[Result "1-0"]
[WhiteElo "2759"]
[BlackElo "2578"]
[TimeControl "180+1"]
[EndTime "14:55:06 PDT"]
[Termination "DeTimmerman won on time"]

1. e4 e6 2. Qe2 Be7 3. b3 d5 4.
Bb2 Nf6 5. e5 Nfd7 6. f4 O-O 7.
Nf3 a5 8. a3 a4 9. b4 c5 10. bxc5 Nxc5 11. d4 Ne4 12. Nbd2 Qb6 13. Qb5 Qc7 14. Rc1 Nxd2 15. Nxd2 f6 16. g3 fxe5 17.
dxe5 Bd7 18. Qd3 Nc6 19. c4 dxc4 20. Nxc4 Bc5 21. Bh3 Ba7 22. Kf1 b5 23. Nd6 Qb6 24. Rc2 b4 25. Kg2 bxa3 26. Bxa3 Nxe5 27. Qe4 Bc6 28. Bxe6+ Kh8 29. Rxc6 Nxc6 30. Nf7+ Rxf7 31. Bxf7 Qf2+ 32. Kh3 Qb6 33. Re1 h6 34. Bg6 Rg8 35. Qe8 Qb3 36. Qxc6 Qxa3 37. Bb1 Qb4 38. Qg6 1-0

[Event "Late-Titled-Tuesday-Blitz-March-19-2024"]
[Site "Chess.com"]
[Date "2024.03.19"]
[Round "5"]
[White "MKlose11"]
[Black "uzkuzk"]
[Result "1-0"]
[WhiteElo "2641"]
[BlackElo "2493"]
[TimeControl "180+1"]
[EndTime "14:55:06 PDT"]
[Termination "MKlose11 won by resignation"]

1. e4 e5 2. Nf3 f5 3. d4 fxe4 4. Nxe5 Nf6 5. Nc3 d6 6. Nc4 d5 7. Ne3 c6 8. Be2 Bd6 9. Ng4 O-O 10. Nxf6+ Qxf6 11. Be3 Qg6 12. g3 b5 13. Qd2 Nd7 14.
O-O-O Nb6 15. Rdg1 a5 16. Nd1 b4 17. h4 a4 18. g4 b3 19. cxb3 axb3 20. a3 Ba6 21. Nc3 Bxe2 22. Qxe2 Nc4 23. Kd1 Rfb8 24. Nb1 c5 25.
Ke1 cxd4 26. Bxd4 Be5 27. Bxe5 Nxe5 28. Rg3 Nf3+ 29. Kf1 d4 30. h5 Qf7 31. Qxe4 Ng5 32. Qf5 Qc4+ 33. Kg2 h6 34. Nd2 Qe2 35. Nf3 Rf8 36.
Qd5+ Kh8 37. Re1 Qxf2+ 38. Kxf2 1-0

[Event "Late-Titled-Tuesday-Blitz-March-19-2024"]
[Site "Chess.com"]
[Date "2024.03.19"]
[Round "5"]
[White "drdaro"]
[Black "ninguno46"]
[Result "0-1"]
[WhiteElo "2369"]
[BlackElo "2540"]
[TimeControl "180+1"]
[EndTime "14:55:06 PDT"]
[Termination "ninguno46 won by resignation"]

1. Nf3 c5 2. e4 Nc6 3. d4 cxd4 4. Nxd4 g6 5. Nc3 Bg7 6. Be3 Nf6 7. Bc4 Qa5 8. O-O O-O 9. Bb3 d6 10. f3 Bd7 11. Qd2 Rfc8 12. Rfd1 Be8 13. Nd5 Qxd2 14. Rxd2 Nxd5 15. Bxd5 Nxd4 16. Bxb7 Ne6 17. Bxc8 Rxc8 18.
Bxa7 Bxb2 19. Rb1 Bc3 20. Rd3 Ba5 21. Ra3 Bc7 22. Kf1 f6 23. Rc3 Ra8 24. Rb7 Bd8 25.
Rc4 Kf7 26. a4 Ba5 27. Be3 Ra6 28. Ra7 Rxa7 29. Bxa7 Bd7 30. g3 f5 31. exf5 gxf5 32. Ke2 d5 33. Rh4 Kg6 34. Be3 Bc3 35. Bd2 Bg7 36.
a5 Bb5+ 37. Kd1 d4 38. f4 h5 39. Rh3 Bf1 0-1

[Event "Late-Titled-Tuesday-Blitz-March-19-2024"]
[Site "Chess.com"]
[Date "2024.03.19"]
[Round "5"]
[White "hell3raiser"]
[Black "liwadas82"]
[Result "1/2-1/2"]
[WhiteElo "2339"]
[BlackElo "2509"]
[TimeControl "180+1"]
[EndTime "14:55:06 PDT"]
[Termination "Game drawn by repetition"]

1. e4 e5 2. Nf3 Nc6 3. Bc4 Bc5 4.
b4 Bb6 5. a4 a5 6. b5 Nd4 7.
Nxd4 Bxd4 8. c3 Bb6 9. O-O Qf6 10. d4 d6 11. dxe5 dxe5 12. Ba3 Ne7 13. Nd2 O-O 14.
Nb3 Be6 15. Qe2 Rfd8 16. Nc5 Bxc5 17. Bxc5 Ng6 18. Bxe6 Qxe6 19. g3 b6 20. Be3 Rd7 21.
Rfd1 Rad8 22. Rxd7 Qxd7 23. c4 Nf8 24. c5 bxc5 25.
Bxc5 Ne6 26. Be3 Nd4 27. Bxd4 Qxd4 28. Rc1 Qxa4 29. Rxc7 Qd1+ 30. Qxd1 Rxd1+ 31. Kg2 g6 32. Ra7 Ra1 33. b6 Kg7 34. b7 Rb1 35. Rxa5 Rxb7 36. Rxe5 h5 37. h4 Rb3 38. Rd5 Ra3 39. Kf1 Rb3 40. Ke2 Ra3 41. Rd3 Ra2+ 42. Ke3 Ra1 43. Rd7 Re1+ 44. Kf4 Ra1 45. f3 Ra3 46. Rd4 Rb3 47.
e5 Ra3 48. Re4 Rb3 49. e6 fxe6 50. Rxe6 Ra3 51. Rd6 Ra4+ 52. Ke5 Ra5+ 53. Rd5 Ra3 54. Ke4 Ra4+ 55. Rd4 Ra1 56. Kf4 Ra5 57. g4 hxg4 58. fxg4 Rb5 59. Rd7+ Kf6 60. g5+ Ke6 61. Rg7 Rb4+ 62.
Kg3 Rb3+ 63. Kg4 Rb4+ 64. Kg3 Rb3+ 65. Kg4 Rb4+ 66. Kg3 1/2-1/2

[Event "Late-Titled-Tuesday-Blitz-March-19-2024"]
[Site "Chess.com"]
[Date "2024.03.19"]
[Round "5"]
[White "FaustinoOro"]
[Black "dropstoneDP"]
[Result "0-1"]
[WhiteElo "2867"]
[BlackElo "2992"]
[TimeControl "180+1"]
[EndTime "14:55:07 PDT"]
[Termination "dropstoneDP won on time"]

1. e4 e5 2. Nf3 Nf6 3. Nc3 Nc6 4. Bb5 Nd4 5. Bc4 Bc5 6. d3 d6 7. h3 c6 8. a3 h6 9. Nxd4 Bxd4 10. Ne2 Bb6 11. Bb3 d5 12. Ng3 dxe4 13. Nxe4 Nxe4 14. dxe4 Qxd1+ 15. Kxd1 Ke7 16. Ke2 Be6 17. Bxe6 Kxe6 18. Be3 Bxe3 19. Kxe3 Rhd8 20. Rhd1 g5 21. g4 f6 22. f3 Rxd1 23. Rxd1 Rh8 24. Rd2 h5 25. a4 Ke7 26. Rg2 hxg4 27. hxg4 Rh1 28. b3 a5 29. Kd2 b5 30. Kc3 bxa4 31. bxa4 Ra1 32. Kb3 Rb1+ 33. Ka2 Rf1 34. Rg3 Kd6 35. Kb3 Kc5 36. c3 Rb1+ 37. Kc2 Rh1 38. Kb3 Rh2 39. Rg1 Rf2 40. Rg3 Rh2 41.
Rg1 Rh3 42. Rf1 Rg3 43. Rf2 Rg1 44. Rh2 Rb1+ 45. Kc2 Rf1 46. Rh3 Kc4 0-1

[Event "Late-Titled-Tuesday-Blitz-March-19-2024"]
[Site "Chess.com"]
[Date "2024.03.19"]
[Round "5"]
[White "azikom"]
[Black "MaiqMaster"]
[Result "1-0"]
[WhiteElo "2601"]
[BlackElo "2367"]
[TimeControl "180+1"]
[EndTime "14:55:08 PDT"]
[Termination "azikom won by resignation"]

1. c4 c5 2. Nc3 Nc6 3. g3 g6 4.
Bg2 Bg7 5. h4 h6 6. d3 d6 7. h5 g5 8. f4 gxf4 9. Bxf4 e5 10. Be3 Nge7 11. Qd2 Be6 12. O-O-O Qa5 13. Kb1 O-O-O 14. Nf3 Nd4 15. Bf2 Nec6 16. e3 Nf5 17. a3 Kb8 18. Bh3 Nfe7 19. Bxe6 fxe6 20. Ne4 Qxd2 21.
Nfxd2 b6 22. g4 d5 23. Nc3 Kb7 24. Bh4 Rdf8 25. Rdf1 Kc7 26. Kc2 Kd7 27. Ne2 Rxf1 28. Rxf1 Rf8 29. Rxf8 Bxf8 30. e4 Nd4+ 31. Nxd4 exd4 32.
Bf6 Ng8 33. Be5 Bd6 34. Bg7 Bf4 35. exd5 exd5 36. cxd5 Kd6 37. g5 Kxd5 38. Ne4 Be5 39.
gxh6 Bxg7 40. hxg7 Ke6 41. Kb3 Kf7 42. Nd6+ Kxg7 43.
Nc8 Nf6 44. Nxa7 Nxh5 45. Kc4 Nf4 46. a4 Kf6 47. Nc8 Ke6 48. Nxb6 Kd6 49. a5 Nd5 50.
Nxd5 1-0

[Event "Late-Titled-Tuesday-Blitz-March-19-2024"]
[Site "Chess.com"]
[Date "2024.03.19"]
[Round "5"]
[White "OverallStranger"]
[Black "jaskol95"]
[Result "0-1"]
[WhiteElo "2386"]
[BlackElo "2495"]
[TimeControl "180+1"]
[EndTime "14:55:08 PDT"]
[Termination "jaskol95 won by checkmate"]

1. e4 d5 2. exd5 Nf6 3. Bb5+ Nbd7 4. c4 a6 5. Bxd7+ Bxd7 6. Qe2 c6 7. dxc6 Bxc6 8. Nf3 e6 9. O-O Bc5 10. Ne5 Be4 11.
d3 Bf5 12. Be3 Bd6 13. d4 Bxe5 14. dxe5 Bd3 15. Qf3 Bxf1 16. exf6 Bxc4 17. fxg7 Rg8 18. Nc3 Bd5 19. Qg3 Qf6 20. Bb6 Rxg7 21. Nxd5 exd5 22.
Qe3+ Qe6 23. Qc3 Kf8 24. Bd4 Rg6 25. Re1 Qg4 26. g3 h5 27. Qc5+ Kg8 28. Qxd5 Rc8 29. Qe5 Kh7 30. f3 Qg5 31. Qe4 Rc1 32. f4 Rxe1+ 33. Qxe1 Qd5 34. Be5 Qxa2 35. Qb4 h4 36.
Qf8 Rg8 37. Qe7 Qb1+ 38. Kg2 Qe4+ 39. Kh3 Qf5+ 40. Kxh4 Qg4# 0-1

[Event "Late-Titled-Tuesday-Blitz-March-19-2024"]
[Site "Chess.com"]
[Date "2024.03.19"]
[Round "5"]
[White "IMchanged"]
[Black "Adar_07"]
[Result "1-0"]
[WhiteElo "2668"]
[BlackElo "2836"]
[TimeControl "180+1"]
[EndTime "14:55:09 PDT"]
[Termination "IMchanged won on time"]

1. e4 c5 2. Nf3 Nc6 3. Bb5 g6 4. O-O Bg7 5. Re1 e6 6. c3 Nge7 7. d4 cxd4 8. cxd4 d5 9. e5 O-O 10. Nc3 Bd7 11. Bf4 Rc8 12. Qd2 Qb6 13. Bg5 Nf5 14.
Rad1 Nxe5 15. dxe5 Bxb5 16. g4 Rc4 17. gxf5 Rg4+ 18.
Kh1 Bc6 19. Nd4 exf5 20. f3 Rxd4 21. Qxd4 Qxb2 22. Be7 Re8 23. Rb1 Qc2 24. Rec1 Bxe5 25. Qxe5 Qd3 26. Qe2 Qd4 27. Nb5 Qf4 28. Rf1 d4 29. Rb4 d3 30. Qxd3 Qe5 31. Bd6 Qe6 32. Nc7 Qe2 33. Qxe2 Rxe2 34. Rc4 Rxa2 35. Rc3 a5 36.
Be5 h5 37. Rd3 Kh7 38. Rd8 1-0